 Dungeon Crawl Stone Soup version 0.23.1 (webtiles) character file.

Game seed: 2127721913320712652

16562 Lauz the Thaumaturge (level 12, -4/59 HPs)
             Began as a Deep Elf Fire Elementalist on Mar 19, 2019.
             Was a High Priest of Sif Muna.
             Slain by a six-headed hydra (9 damage)
             ... on level 11 of the Dungeon.
             The game lasted 01:19:23 (16666 turns).

Lauz the Thaumaturge (Deep Elf Fire Elementalist)  Turns: 16666, Time: 01:19:24

Health: -4/59      AC:  5    Str:  8    XL:     12   Next: 11%
Magic:  5/32       EV: 22    Int: 26    God:    Sif Muna [*****.]
Gold:   301        SH:  2    Dex: 15    Spells: 20/39 levels left

rFire    . . .     SeeInvis .   I - +1 short sword (elec)
rCold    + . .     Gourm    .   (no shield)
rNeg     . . .     Faith    .   C - +2 robe {rC+}
rPois    .         Spirit   .   (no helmet)
rElec    .         Reflect  +   h - +0 cloak
rCorr    .         Harm     .   (no gloves)
MR       +....                  (no boots)
Stlth    ++........             t - +2 amulet of reflection
HPRegen  0.19/turn              E - +3 ring of strength
MPRegen  0.23/turn              O - +4 ring of evasion

@: no status effects
A: no striking features
a: Divine Energy, Channel Magic, Forget Spell, Renounce Religion


You were on level 11 of the Dungeon.
You worshipped Sif Muna.
Sif Muna was extremely pleased with you.
You were not hungry.

You visited 2 branches of the dungeon, and saw 12 of its levels.

You collected 948 gold pieces.
You spent 647 gold pieces at shops.

Inventory:

Hand Weapons
 I - a +1 short sword of electrocution (weapon)
Armour
 a - a +0 robe
 h - a +0 cloak (worn)
 C - a +2 robe of cold resistance (worn)
 K - the +3 ring mail of the Sneaky Stories {*Corrode rC+ MR+ Int+9}
   (You found it on level 10 of the Dungeon)

   It affects your intelligence (+9).
   It protects you from cold.
   It affects your resistance to hostile enchantments.
   It may corrode you when you take damage.
Magical Staves
 z - an uncursed staff of earth
Jewellery
 t - a +2 amulet of reflection (around neck)
 E - a +3 ring of strength (left hand)
 O - a +4 ring of evasion (right hand)
Wands
 n - a wand of digging (5)
 v - a wand of random effects (18)
 A - a wand of iceblast (9)
 J - a wand of scattershot (5)
 N - a wand of flame (12)
Scrolls
 d - 3 scrolls of noise
 i - a scroll of magic mapping
 j - a scroll of enchant weapon {unknown}
 k - 13 scrolls of identify
 p - 3 scrolls of remove curse
 q - 2 scrolls of teleportation {unknown}
 r - a scroll of blinking
 x - 2 scrolls of amnesia {unknown}
 y - 3 scrolls of enchant armour {unknown}
 B - a scroll of fear {unknown}
 F - a scroll of torment {unknown}
 G - a scroll of silence {unknown}
 H - a scroll of immolation {unknown}
 L - 2 scrolls of fog {unknown}
Potions
 b - 2 potions of agility {unknown}
 e - 2 potions of curing {unknown}
 f - 4 potions of brilliance {unknown}
 g - a potion of might {unknown}
 l - 2 potions of cancellation {unknown}
 m - a potion of magic {unknown}
 o - a potion of flight {unknown}
 s - 3 potions of heal wounds
 u - a potion of berserk rage {unknown}
 w - a potion of haste {unknown}
 D - a potion of degeneration {unknown}
Comestibles
 c - 16 rations


   Skills:
 - Level 0.1 Fighting
 - Level 0.5 Staves
 * Level 8.4 Dodging
 - Level 2.6 Stealth
 + Level 14.0 Spellcasting
 + Level 12.4 Conjurations
 + Level 11.2 Fire Magic


You had 20 spell levels left.
You knew the following spells:

 Your Spells              Type           Power        Failure   Level  Hunger
a - Flame Tongue          Conj/Fire      #####        1%          1    None
b - Sticky Flame          Conj/Fire      ######..     1%          4    None
c - Conjure Flame         Conj/Fire      ######..     1%          3    None
d - Fireball              Conj/Fire      ######....   1%          5    ##.....
e - Bolt of Fire          Conj/Fire      ######....   3%          6    ####...

Your spell library contained the following spells:

 Spells                   Type           Power        Failure   Level  Hunger
 Magic Dart               Conj           ####         1%          1    None
 Throw Flame              Conj/Fire      ######       1%          2    None
 Dazzling Spray           Conj/Hex       ######       1%          3    None
 Inner Flame              Hex/Fire       #####...     1%          3    None
 Force Lance              Conj/Tloc      ######..     2%          4    None
 Apportation              Tloc           ###...       3%          1    None
 Summon Butterflies       Summ           ###.....     3%          1    None
 Lesser Beckoning         Tloc           ###.......   9%          3    None
 Tukima's Dance           Hex            ###.....     9%          3    None
 Olgreb's Toxic Radiance  Pois           ###.....     30%         4    None
 Alistair's Intoxication  Tmut/Pois      ###.....     63%         5    ##.....
 Invisibility             Hex            ###.....     99%         6    ####...
 Statue Form              Tmut/Erth      ###......    99%         6    ####...
 Chain Lightning          Conj/Air       ######....   100%        8    #######
 Fire Storm               Conj/Fire      ######....   100%        9    #######
 Glaciate                 Conj/Ice       ######....   100%        9    #######


Dungeon Overview and Level Annotations

Branches:
Dungeon (11/15)            Temple (1/1) D:5            Lair (0/6) D:8
    Orc (0/2) D:9

Altars:
Cheibriados
Dithmenos
Elyvilon
Fedhas
Gozag
Hepliaklqana
Kikubaaqudgha
Makhleb
Nemelex Xobeh
Okawaru
Qazlal
Ru
Sif Muna
Trog
Uskayaw
Wu Jian
Xom
Yredelemnul
Zin
The Shining One
Beogh

Shops:
D:6 (   D:7 [   D:10 }   D:11 *


Message History

The six-headed hydra completely misses you.
The six-headed hydra bites you! The six-headed hydra misses you.
The six-headed hydra completely misses you.
The six-headed hydra misses you. The six-headed hydra barely misses you.
The bullfrog misses you. The bullfrog barely misses you.
The bullfrog misses you. The bullfrog completely misses you.
The bullfrog hits you.
The bullfrog hits you but does no damage.
There is an open door here.
The bullfrog misses you. The bullfrog misses you.
Casting: Flame Tongue (safe; 1% risk of failure)
Confirm with . or Enter, or press ? or * to list all spells.
You don't have enough magic to cast that spell.
The bullfrog completely misses you. The six-headed hydra bites you! x2
* * * LOW HITPOINT WARNING * * *
The six-headed hydra bites you!
You die...

##. #.. ≈# #.# # #≈# ##.#
.....#..## #≈# #.)# .........
#≈# #.#. ........ #≈# ##... #
...≈≈≈#'#####≈# ##.)..
#≈####).≈8≈#..@F..≈# ###.....
#≈......≈≈ #...D..≈#####.......
#≈......########'#≈#...........
####..#........#≈.......##...
#..#..#........#≈......###...
#.##..#...###..#≈.....####...
#.....#...# #..#≈......##....
#.....'...# $..#≈).....##....
≈#######...######≈......##....


You could see a six-headed hydra and a bullfrog.

Vanquished Creatures
  3 two-headed ogres
  2 unseen horrors (D:11)
  Pikel (D:6)
  2 ugly things
  A troll (D:8)
  Prince Ribbit (D:5)
  2 hippogriffs
  Sigmund (D:6)
  2 wraiths
  Eustachio (D:6)
  A human (D:8)
  11 yaks
  2 vampires (D:9)
  2 hogs (D:8)
  A wyvern (D:11)
  A hungry ghost (D:8)
  3 porcupines (D:8)
  8 orc warriors
  7 sky beasts
  3 black bears
  7 ice beasts
  3 phantoms
  A necrophage (D:9)
  6 ogres
  5 centaurs
  2 crocodiles (D:8)
  A big kobold (D:8)
  15 bullfrogs
  A water moccasin zombie (D:5)
  6 scorpions
  15 killer bees
  3 wights (D:9)
  4 howler monkeys
  2 centaur zombies
  A quasit (D:10)
  4 hounds
  9 orc priests
  A gnoll shaman (D:6)
  2 jellies
  A bullfrog skeleton (D:6)
  A centaur skeleton (D:9)
  13 orc wizards
  Natasha (thrice) (D:2)
  8 iguanas
  7 worker ants
  A hound skeleton (D:4)
  A worker ant zombie (D:11)
  A howler monkey skeleton (D:6)
  15 adders
  11 gnolls
  2 shadow imps (D:7)
  2 oozes (D:6)
  An adder zombie (D:7)
  3 worms
  A dart slug (D:1)
  6 leopard geckos
  71 orcs
  3 bats
  2 giant cockroaches
  8 goblins
  4 hobgoblins
  7 jackals
  4 quokkas
  5 frilled lizards
  12 kobolds
  2 leopard gecko skeletons
  2 quokka skeletons
  A quokka zombie (D:7)
  5 rats
  A plant (D:7)
347 creatures vanquished.

Vanquished Creatures (others)
  A slave (D:6)
  A bullfrog (D:6)
  A leopard gecko (D:6)
  38 fungi (D:8)
  11 plants (D:8)
52 creatures vanquished.

Grand Total: 399 creatures vanquished

Notes
Turn   | Place    | Note
-------+----------+-------------------------------------------
     0 | D:1      | Lauz the Deep Elf Fire Elementalist began the quest for the
                  | Orb.
     0 | D:1      | Reached XP level 1. HP: 10/10 MP: 6/6
   249 | D:1      | Reached XP level 2. HP: 15/15 MP: 5/8
  1287 | D:2      | Reached XP level 3. HP: 19/19 MP: 5/10
  1528 | D:2      | Noticed Natasha
  1530 | D:2      | Killed Natasha
  1530 | D:2      | Reached skill level 4 in Spellcasting
  1586 | D:2      | Noticed Natasha
  1593 | D:2      | Killed Natasha
  1593 | D:2      | Reached XP level 4. HP: 20/24 MP: 3/12
  2273 | D:2      | Noticed Natasha
  2277 | D:2      | Killed Natasha
  2323 | D:3      | Noticed an ogre
  2336 | D:3      | Learned a level 4 spell: Sticky Flame
  2436 | D:3      | Killed an ogre
  2436 | D:3      | Reached XP level 5. HP: 11/28 MP: 7/14
  2779 | D:3      | Found a hazy altar of Hepliaklqana.
  3320 | D:4      | Reached skill level 5 in Spellcasting
  3599 | D:4      | Reached XP level 6. HP: 32/32 MP: 12/15
  3721 | D:4      | Found a burning altar of Makhleb.
  3924 | D:4      | Found a bloodstained altar of Trog.
  3964 | D:4      | Reached skill level 5 in Fire Magic
  4321 | D:4      | Learned a level 3 spell: Conjure Flame
  4339 | D:4      | Reached skill level 6 in Spellcasting
  4525 | D:5      | Entered Level 5 of the Dungeon
  4661 | D:5      | Reached skill level 5 in Conjurations
  4947 | D:5      | Reached XP level 7. HP: 36/36 MP: 6/18
  5095 | D:5      | Found a staircase to the Ecumenical Temple.
  5264 | Temple   | Entered the Ecumenical Temple
  5345 | Temple   | Became a worshipper of Sif Muna the Loreminder
  5821 | D:5      | Noticed Prince Ribbit
  5825 | D:5      | Killed Prince Ribbit
  5825 | D:5      | Reached skill level 7 in Spellcasting
  5858 | D:5      | Reached * piety under Sif Muna
  6007 | D:5      | Reached XP level 8. HP: 34/41 MP: 11/21
  6466 | D:6      | Reached skill level 8 in Spellcasting
  6687 | D:6      | Noticed Pikel
  6712 | D:6      | Killed Pikel
  6712 | D:6      | Reached ** piety under Sif Muna
  6754 | D:6      | Found Wuhedd's Weapon Shop.
  6769 | D:6      | Reached skill level 9 in Spellcasting
  6785 | D:6      | Reached XP level 9. HP: 45/45 MP: 8/24
  6945 | D:6      | Noticed Eustachio
  6979 | D:6      | Killed Eustachio
  7823 | D:6      | Learned a level 5 spell: Fireball
  7841 | D:6      | Noticed Sigmund
  7860 | D:6      | Killed Sigmund
  8064 | D:6      | Reached skill level 10 in Spellcasting
  8261 | D:6      | Reached *** piety under Sif Muna
  8809 | D:7      | Found a runed translucent door.
  8829 | D:7      | Reached skill level 10 in Conjurations
  9090 | D:7      | Found Geuxit's Antique Armour Shop.
  9105 | D:7      | Bought an embroidered robe for 107 gold pieces
  9195 | D:7      | Found a sacrificial altar of Ru.
  9195 | D:7      | Found an ornate altar of the Wu Jian Council.
  9196 | D:7      | Found a glowing golden altar of the Shining One.
  9979 | D:7      | Reached XP level 10. HP: 50/50 MP: 15/26
 10488 | D:7      | Found a roughly hewn altar of Beogh.
 11003 | D:8      | Reached skill level 11 in Spellcasting
 11236 | D:8      | Reached **** piety under Sif Muna
 11332 | D:8      | Found the +15 Maxwell's patent armour {-Cast -Tele rElec
                  | MR+ rCorr}
 11876 | D:8      | Found a staircase to the Lair.
 11913 | D:8      | Reached skill level 5 in Dodging
 12030 | D:8      | Reached ***** piety under Sif Muna
 12030 | D:8      | Identified Sif Muna's Collected Works on Damaging Shape
                  | Shifting (Sif Muna gifted it to you on level 8 of the
                  | Dungeon)
 12030 | D:8      | Received a gift from Sif Muna
 12321 | D:8      | Learned a level 6 spell: Bolt of Fire
 12548 | D:9      | Reached skill level 12 in Spellcasting
 13149 | D:9      | Noticed a two-headed ogre
 13163 | D:9      | Killed a two-headed ogre
 13163 | D:9      | Reached XP level 11. HP: 32/54 MP: 22/29
 13271 | D:9      | Reached skill level 10 in Fire Magic
 13422 | D:9      | Identified the +10 morningstar "Pyjikesa" {vamp, rC+ Dex+4}
 13584 | D:9      | Found a staircase to the Orcish Mines.
 13656 | D:9      | Noticed a green ugly thing
 13659 | D:9      | Killed a green ugly thing
 14438 | D:10     | Entered Level 10 of the Dungeon
 14633 | D:10     | Reached skill level 13 in Spellcasting
 14814 | D:10     | Found Popt's Gadget Shop.
 15259 | D:10     | Got a crude ring mail
 15511 | D:11     | Killed an unseen horror
 15719 | D:11     | Noticed a six-headed hydra
 15862 | D:10     | Identified the +3 ring mail of the Sneaky Stories {*Corrode
                  | rC+ MR+ Int+9} (You found it on level 10 of the Dungeon)
 16018 | D:11     | Found Hyf Gyon's General Store.
 16021 | D:11     | Bought a +4 ring of evasion for 540 gold pieces
 16040 | D:11     | Noticed a cyan ugly thing
 16046 | D:11     | Killed a cyan ugly thing
 16060 | D:11     | Noticed a two-headed ogre
 16062 | D:11     | Killed a two-headed ogre
 16081 | D:11     | Identified Lurunt's Handbook of Excruciating Intoxication
                  | (Sif Muna gifted it to you on level 11 of the Dungeon)
 16081 | D:11     | Received a gift from Sif Muna
 16206 | D:11     | Noticed a two-headed ogre
 16212 | D:11     | Killed a two-headed ogre
 16339 | D:11     | Killed an unseen horror
 16339 | D:11     | Reached XP level 12. HP: 48/59 MP: 15/31
 16601 | D:11     | Reached skill level 14 in Spellcasting
 16666 | D:11     | Slain by a six-headed hydra

Skill      XL: |  1  2  3  4  5  6  7  8  9 10 11 12 |
---------------+-------------------------------------+-----
Spellcasting   | 4 5 6 7 9 10 12 13 14 | 14.0
Conjurations   | 2 3 4 5 6 8 10 11 12 | 12.4
Fire Magic     | 4 5 6 7 8 9 11 | 11.2
Dodging        | 3 6 8 |  8.4
Fighting       | |  0.1
Staves         | |  0.5
Stealth        | |  2.6

Action                   |  1- 3 |  4- 6 |  7- 9 | 10-12 || total
-------------------------+-------+-------+-------+-------++-------
Melee: Unarmed           |       |    22 |    11 |       ||    33
       Mace              |       |    12 |       |       ||    12
       Staff             |       |       |     1 |    76 ||    77
       Short sword       |       |       |       |     8 ||     8
 Cast: Flame Tongue      |    73 |    75 |   221 |   330 ||   699
       Sticky Flame      |       |    10 |    22 |    47 ||    79
       Conjure Flame     |       |     1 |    12 |    11 ||    24
       Fireball          |       |       |     9 |    46 ||    55
       Bolt of Fire      |       |       |       |    29 ||    29
  Use: Scroll            |       |       |       |     5 ||     5
  Eat: Chunk             |     2 |     8 |    11 |    29 ||    50
       Ration            |       |     1 |     2 |     1 ||     4
Armor: Robe              |     1 |     8 |     6 |    29 ||    44
Dodge: Dodged            |    22 |    42 |    43 |   117 ||   224
Block: Other             |       |     1 |     5 |    10 ||    16
       Reflection        |       |       |       |     1 ||     1
